 Dungeon Crawl Stone Soup version 0.30-a0-1116-gebefce21f7 (webtiles) character file.

Game seed: 17738944692815022012

222 qeuew the Chopper (level 5, -4/47 HPs)
             Began as a Hill Orc Fighter on Apr 21, 2023.
             Was a Follower of Nemelex Xobeh.
             Slain by a gnoll
             ... wielding a +0 flail
              (5 damage)
             ... on level 4 of the Dungeon.
             The game lasted 00:03:01 (2646 turns).

qeuew the Chopper (Hill Orc Fighter)                Turns: 2646, Time: 00:03:02

Health: -4/47      AC:  8    Str: 21    XL:     5   Next: 99%
Magic:  5/5        EV:  9    Int:  8    God:    Nemelex Xobeh [*.....]
Gold:   148        SH:  4    Dex: 10    Spells: 4/4 levels left

rFire   . . .      SeeInvis .    a - +0 war axe
rCold   . . .      Faith    .    c - +0 buckler
rNeg    . . .      Spirit   .    b - +1 scale mail
rPois   .          Reflect  .    (no helmet)
rElec   .          Rampage  .    (no cloak)
rCorr   .                        (no gloves)
Will    .....                    (no boots) Stlth
                                 (no amulet)
HPRegen 0.27/turn                (no ring)
MPRegen 0.09/turn                (no ring)

@: mighty
A: no striking features
a: Renounce Religion, Draw Escape, Draw Destruction, Draw Summoning


You were on level 4 of the Dungeon.
You worshipped Nemelex Xobeh.
Nemelex Xobeh was aware of your devotion.
You visited 1 branch of the dungeon, and saw 4 of its levels.

You collected 148 gold pieces.

Inventory:

Hand Weapons
 a - a +0 war axe (weapon)
Armour
 b - a +1 scale mail (worn)
 c - a +0 buckler (worn)
Jewellery
 r - a +6 ring of strength
Scrolls
 e - 2 scrolls of enchant weapon {unknown}
 f - a scroll of magic mapping
 g - a scroll of brand weapon
 h - a scroll of noise {unknown}
 l - a scroll of fear {unknown}
 m - a scroll of poison {unknown}
 o - a scroll of silence {unknown}
 p - 2 scrolls of identify
 q - a scroll of teleportation {unknown}
Potions
 d - a potion of might
 i - a potion of brilliance
 j - 3 potions of curing {unknown}
 k - 2 potions of haste {unknown}
 n - a potion of resistance {unknown}


   Skills:
 + Level 4.5 Fighting
 * Level 5.0 Axes
 * Level 4.7 Armour
 + Level 4.2 Shields
 + Level 0.5 Invocations


You had 4 spell levels left.
You didn't know any spells.
Your spell library contained the following spells:

 Spells                   Type           Power      Damage    Failure   Level
 Apportation              Tloc           0%         N/A       83%         1
 Necrotise                Necr           0%         1d4       83%         1
 Summon Small Mammal      Summ           0%         N/A       83%         1
 Ozocubu's Armour         Ice            0%         N/A       99%         3
 Metabolic Englaciation   Hex/Ice        0%         N/A       100%        5
 Simulacrum               Ice/Necr       0%         N/A       100%        6


Dungeon Overview and Level Annotations

Branches:
Dungeon (4/15)
 Temple: D:4-7

Altars:
Dithmenos
Elyvilon
Nemelex Xobeh
Uskayaw


Message History

The gnoll is moderately wounded.
The gnoll hits you with a +0 flail. You block the gnoll's attack.
The gnoll hits you from afar with a +0 halberd!
The gnoll hits you with a +0 flail.
You are too injured to fight recklessly!
You are too injured to fight recklessly!
You are too injured to fight recklessly!
You are too injured to fight recklessly!
You are too injured to fight recklessly!
You are too injured to fight recklessly!
You are too injured to fight recklessly!
You are too injured to fight recklessly!
You are too injured to fight recklessly!
You are too injured to fight recklessly!
You are too injured to fight recklessly!
You are too injured to fight recklessly!
Unknown command.
The gnoll closely misses you. The gnoll hits you with a +0 halberd!
* * * LOW HITPOINT WARNING * * *
Unknown command.
You feel very mighty all of a sudden. The gnoll hits you with a +0 flail.
* * * LOW HITPOINT WARNING * * *
The gnoll barely misses you.
Unknown command.
You slash the gnoll!
The gnoll is almost dead.
You closely miss the gnoll. The gnoll barely misses you.
The gnoll hits you with a +0 halberd!
* * * LOW HITPOINT WARNING * * *
Unknown command.
You barely miss the gnoll.
The gnoll is almost dead.
You closely miss the gnoll. The gnoll barely misses you.
You block the gnoll's attack.
You slice the gnoll!!
You kill the gnoll!
You hit the gnoll. The gnoll hits you with a +0 flail.
You die...
Your body disappears without a glow.

....... ##.......
##................
#.................
#..................
#.................>
#.)................
##.@)...............
#...g...............
##############..................⌠
.>.........##....................
.............................(...
..###...####.....................
..##....# #......................
........##......................#
.....##.>........................


You could see a gnoll.

Vanquished Creatures
  A sky beast (D:3)
  2 gnolls (D:4)
  4 adders
  A dart slug (D:2)
  5 orcs (D:4)
  6 ball pythons
  5 bats
  6 endoplasms
  3 giant cockroaches
  3 hobgoblins
  7 jackals
  11 kobolds
  4 quokkas
  6 frilled lizards
  6 goblins
  6 rats (D:1)
76 creatures vanquished.

Notes
Turn   | Place    | Note
-------+----------+-------------------------------------------
     0 | D:1      | qeuew the Hill Orc Fighter began the quest for the Orb.
     0 | D:1      | Reached XP level 1. HP: 19/19 MP: 1/1
    42 | D:1      | Reached skill level 3 in Axes
   109 | D:1      | Reached XP level 2. HP: 21/27 MP: 2/2
   325 | D:1      | Reached XP level 3. HP: 31/33 MP: 3/3
   924 | D:2      | Reached XP level 4. HP: 40/40 MP: 4/4
  1026 | D:2      | Reached skill level 4 in Axes
  1625 | D:3      | Found a white marble altar of Elyvilon.
  1674 | D:3      | Noticed a sky beast
  1675 | D:3      | Found a shadowy altar of Dithmenos.
  1696 | D:3      | Killed a sky beast
  1697 | D:3      | Reached XP level 5. HP: 46/47 MP: 5/5
  2068 | D:3      | Found a hide-covered altar of Uskayaw.
  2069 | D:3      | Found a sparkling altar of Nemelex Xobeh.
  2081 | D:3      | Became a worshipper of Nemelex Xobeh the Trickster
  2467 | D:4      | Reached * piety under Nemelex Xobeh
  2476 | D:4      | Reached skill level 5 in Axes
  2644 | D:4      | HP: 1/47 [gnoll/+0 halberd (8)]
  2646 | D:4      | Slain by a gnoll

Illustrated notes

Levels and vault maps discovered:
D:1:      amcnicky_arrival_blooded_trapdoor, layout_basic
D:2:      layout_basic
D:3:      layout_loops_ring, old_standard_altar, elyvilon_altar_1,
          gammafunk_temple_overflow_pools
D:4:      layout_layer_cave, fountainhead, solitary_fountain

Skill      XL: |  1  2  3  4  5 |
---------------+----------------+-----
Axes           | 3 4 5 |  5.0
Fighting       | 4 |  4.5
Armour         | 4 |  4.7
Shields        | 4 |  4.2
Invocations    | |  0.5

Action                     |  1- 3 |  4- 6 || total
---------------------------+-------+-------++-------
  Melee: War axe           |   105 |   140 ||   245
    Use: Scroll            |     3 |     3 ||     6
         Potion            |       |     3 ||     3
 Armour: Scale mail        |    62 |    86 ||   148
  Dodge: Dodged            |    71 |    66 ||   137
  Block: Buckler           |    31 |    26 ||    57

Table legend: (Time is in decaauts)
 A = Elapsed time spent in this place.
 B = Non-inter-level travel time spent in this place.
 C = Inter-level travel time spent in this place.
 D = Time resting spent in this place.
 E = Time spent auto-exploring this place.
 F = Levels seen in this place.
 G = Mean time per level.
                   A        B        C        D        E       F      G
               +--------+--------+--------+--------+--------+-----+--------+
         Total |   2732 |   2629 |    103 |      0 |   2031 |   4 |  683.0 |
       Dungeon |   2732 |   2629 |    103 |      0 |   2031 |   4 |  683.0 |
               +--------+--------+--------+--------+--------+-----+--------+

Top non-repeatable levels by time:
     D:2: 800 daAuts
     D:3: 797 daAuts
     D:1: 661 daAuts
     D:4: 472 daAuts
